 Dungeon Crawl Stone Soup version 0.28.0-43-g3370ac3207 (webtiles) character file.

Game seed: 2865168803100801083

1595 Kaptain the Digger (level 8, 0/48 HPs)
             Began as a Gargoyle Earth Elementalist on Mar 17, 2022.
             Slain by a skeletal warrior
             ... wielding a +0 short sword
              (10 damage)
             ... on level 6 of the Dungeon.
             The game lasted 00:13:42 (8283 turns).

Kaptain the Digger (Gargoyle Earth Elementalist)    Turns: 8283, Time: 00:13:43

Health: 0/48       AC: 12    Str: 20    XL:     8   Next: 93%
Magic:  16/24      EV: 12    Int: 14    God:
Gold:   334        SH:  0    Dex: 10    Spells: 12/16 levels left

rFire   + . .      SeeInvis .   p - staff of fire
rCold   . . .      Faith    .   (no shield)
rNeg    + . .      Spirit   .   i - +1 leather armour
rPois   ∞          Reflect  .   j - +0 helmet
rElec   +          Harm     .   m - +0 cloak
rCorr   .          Rampage  .   (no gloves)
Will    .....                   (no boots)
Stlth   +++.......              n - amulet "Mazaylo" {Acrobat MP+9 Str+7 Int-3 Stlth+}
HPRegen 0.16/turn               o - ring of wizardry
MPRegen 0.19/turn               (no ring)

@: no status effects
A: sickness immunity, AC +5, negative energy resistance 1, electricity
resistance, torment resistance 1, petrification resistance
a: no special abilities


You were on level 6 of the Dungeon.
You visited 2 branches of the dungeon, and saw 8 of its levels.

You collected 372 gold pieces.
You spent 38 gold pieces at shops.

Inventory:

Hand Weapons
 a - a +0 short sword
 s - a +1 morningstar
Missiles
 c - 184 stones
 g - 7 poisoned darts
Armour
 i - a +1 leather armour (worn)
 j - a +0 helmet (worn)
 m - a +0 cloak (worn)
Magical Staves
 p - a staff of fire (weapon)
Jewellery
 n - the amulet "Mazaylo" (around neck) {Acrobat MP+9 Str+7 Int-3 Stlth+}
   (You acquired it on level 6 of the Dungeon)

   [amulet of the acrobat]

   It increases your evasion while moving and waiting.
   Str:       It affects your strength (+7).
   Int:       It affects your intelligence (-3).
   MP:        It affects your magic capacity (+9).
   Stlth:     It makes you more stealthy.
 o - a ring of wizardry (left hand)
Wands
 t - a wand of flame (10)
Scrolls
 b - a scroll of brand weapon
 d - 2 scrolls of identify
 e - 2 scrolls of holy word
 f - 2 scrolls of teleportation
 l - a scroll of fear
 r - a scroll of enchant armour
Potions
 h - 2 potions of curing
 k - 2 potions of degeneration
 q - a potion of resistance
 u - a potion of magic {unknown}
 v - a potion of heal wounds {unknown}
 w - a potion of cancellation {unknown}


   Skills:
 * Level 4.7 Fighting
 + Level 3.2 Armour
 + Level 2.9 Dodging
 + Level 4.2 Stealth
 * Level 4.7 Spellcasting
 * Level 4.8 Conjurations
 - Level 0.7 Transmutations
 * Level 6.8 Earth Magic


You had 12 spell levels left.
You knew the following spells:

 Your Spells              Type           Power      Damage    Failure   Level
a - Sandblast             Erth           44%        2d11      1%          1
b - Stone Arrow           Conj/Erth      38%        3d9       2%          3

Your spell library contained the following spells:

 Spells                   Type           Power      Damage    Failure   Level
 Passwall                 Tmut/Erth      10%        N/A       2%          2
 Petrify                  Tmut/Erth      13%        N/A       17%         4
 Malign Gateway           Summ/Tloc      1%         N/A       100%        7
 Summon Horrible Things   Summ           1%         N/A       100%        8


Dungeon Overview and Level Annotations

Branches:
Dungeon (7/15)             Temple (1/1) D:5

Altars:
Cheibriados
Elyvilon
Fedhas
Gozag
Makhleb
Nemelex Xobeh
Okawaru
Qazlal
Ru
Uskayaw
Vehumet
Wu Jian
Xom
Yredelemnul
Zin
The Shining One

Shops:
D:2 *   D:3 (

Annotations:
D:3 3 runed translucent doors, Ablot's ghost, amateur GnWr
D:6 2 transporters


Innate Abilities, Weirdness & Mutations

You are immune to sickness and miasma.
Your stone body is resilient. (AC +5)
You are immune to poison.
You resist negative energy. (rN+)
You are resistant to electric shocks. (rElec)
You are resistant to unholy torment.
You are immune to petrification.


Message History

The skeletal warrior closely misses you.
You climb upwards.
Level annotation: 2 transporters
There is a stone staircase leading down here.
Unknown command.
Casting: Stone Arrow (dangerous; 2% risk of failure)
Confirm with . or Enter, or press ? or * to list all spells.
Aiming: Stone Arrow (dangerous; 2% risk of failure)
Press: ? - help, Shift-Dir - straight line, f - skeletal warrior
Aim: a skeletal warrior, wielding a +0 short sword and wearing a +0 robe (lightly damaged, 68% to hit)
The stone arrow misses the skeletal warrior.
The skeletal warrior hits you with a +0 short sword!
Casting: Stone Arrow (dangerous; 2% risk of failure)
Confirm with . or Enter, or press ? or * to list all spells.
Aiming: Stone Arrow (dangerous; 2% risk of failure)
Press: ? - help, Shift-Dir - straight line, f/p - skeletal warrior
Aim: a skeletal warrior, wielding a +0 short sword and wearing a +0 robe (lightly damaged, 68% to hit)
The stone arrow hits the skeletal warrior!
The skeletal warrior is moderately damaged.
The skeletal warrior hits you with a +0 short sword!
Casting: Stone Arrow (dangerous; 2% risk of failure)
Confirm with . or Enter, or press ? or * to list all spells.
Aiming: Stone Arrow (dangerous; 2% risk of failure)
Press: ? - help, Shift-Dir - straight line, f/p - skeletal warrior
Aim: a skeletal warrior, wielding a +0 short sword and wearing a +0 robe (moderately damaged, 68% to hit)
The stone arrow hits the skeletal warrior but does no damage.
The skeletal warrior is moderately damaged.
The skeletal warrior barely misses you.
The skeletal warrior hits you with a +0 short sword!
* * * LOW HITPOINT WARNING * * *
There is an open door here.
There is an open door here.
There is an open door here.
There is a stone staircase leading down here.
There is an open door here.
As you read the scroll labelled BEAZXEN MABUM, it crumbles to dust.
It is a scroll of enchant weapon.
Your +0 morningstar glows red for a moment.
The skeletal warrior hits you with a +0 short sword!
You die...

##.##......#....#....#.......#...
.###.......+....#....#.......#...
.# #...##..###'###'###.###..##...
.###...##..##..##.>###'###..#####
...#....+..............#.........
...'....#..............#..(.)....
'###.....#####'###.########'#####
..#........##..###.###.####)###..
.....#+#........@z.......).).....
.....+_+.<.................<.....
###..#'#..########..####.##.###..
###.......###...########+##.###..
.............................#...
......+......................#...
......#......................#...
....>.#......................#...
##.######.#####'##.##+####..###..


You could see a skeletal warrior.

Vanquished Creatures
  2 wraiths (D:7)
  A vampire mosquito (D:6)
  A sky beast (D:6)
  A necrophage (D:6)
  An ice beast (D:5)
  An ogre (D:4)
  A bullfrog (D:5)
  A kobold brigand (D:6)
  3 scorpions
  A water moccasin skeleton (D:6)
  A bullfrog zombie (D:6)
  A jelly (D:4)
  An orc priest (D:5)
  A bullfrog skeleton (D:5)
  2 orc wizards
  Robin (D:3)
  12 adders
  4 gnolls (D:5)
  An adder skeleton (D:4)
  4 worms
  6 dart slugs
  5 orcs
  7 bats
  3 endoplasms
  2 giant cockroaches
  15 hobgoblins
  2 jackals (D:5)
  8 quokkas
  10 ball pythons
  5 frilled lizards (D:1)
  15 goblins
  14 kobolds
  6 rats
139 creatures vanquished.

Vanquished Creatures (others)
  A gnoll (D:4)
  A hobgoblin (D:4)
  A quokka (D:4)
  3 ball pythons (D:4)
6 creatures vanquished.

Grand Total: 145 creatures vanquished

Notes
Turn   | Place    | Note
-------+----------+-------------------------------------------
     0 | D:1      | Kaptain the Gargoyle Earth Elementalist began the quest for
                  | the Orb.
     0 | D:1      | Reached XP level 1. HP: 10/10 MP: 3/3
   129 | D:1      | Reached XP level 2. HP: 8/15 MP: 0/5
   284 | D:1      | Found a faded altar of an unknown god.
   492 | D:1      | Reached skill level 4 in Earth Magic
   526 | D:1      | Reached skill level 1 in Conjurations
   704 | D:1      | Reached XP level 3. HP: 20/20 MP: 4/6
   965 | D:1      | Learned a level 3 spell: Stone Arrow
  1431 | D:2      | Reached skill level 1 in Fighting
  1500 | D:2      | Found a white marble altar of Elyvilon.
  1618 | D:2      | Reached XP level 4. HP: 25/25 MP: 5/7
  1732 | D:2      | Found Wasab's Assorted Antiques.
  1741 | D:2      | Bought a scroll labelled NAEKHL ASIFY for 19 gold pieces
  1741 | D:2      | Bought a scroll labelled TOCECW ROWION for 19 gold pieces
  2250 | D:2      | Reached skill level 1 in Armour
  2344 | D:3      | Found Foolila's Weapon Boutique.
  2362 | D:3      | Reached XP level 5. HP: 28/29 MP: 9/9
  2366 | D:3      | Found a runed translucent gate.
  2367 | D:3      | Found a runed translucent gate.
  2367 | D:3      | Noticed Ablot's ghost (amateur GnWr)
  2368 | D:3      | Found a runed translucent gate.
  2663 | D:3      | Found a glowing golden altar of the Shining One.
  2743 | D:3      | Noticed Robin
  2798 | D:3      | Killed Robin
  3536 | D:4      | Reached XP level 6. HP: 35/35 MP: 3/10
  3922 | D:4      | Found a shimmering altar of Xom.
  3938 | D:4      | Reached skill level 5 in Earth Magic
  4342 | D:4      | Reached XP level 7. HP: 23/40 MP: 2/12
  5025 | D:5      | Entered Level 5 of the Dungeon
  5243 | D:5      | Found a staircase to the Ecumenical Temple.
  5482 | Temple   | Entered the Ecumenical Temple
  6866 | D:6      | Found a transporter.
  6890 | D:6      | Found a hide-covered altar of Uskayaw.
  6899 | D:6      | Reached skill level 6 in Earth Magic
  6899 | D:6      | Reached XP level 8. HP: 48/48 MP: 3/14
  7415 | D:6      | Found a transporter.
  7518 | D:6      | Identified a scroll of acquirement
  7518 | D:6      | Acquired the amulet "Mazaylo" {Acrobat MP+9 Str+7 Int-3
                  | Stlth+}
  8027 | D:7      | Noticed a wraith
  8034 | D:7      | Killed a wraith
  8152 | D:7      | Noticed a skeletal warrior
  8152 | D:7      | Noticed a wraith
  8152 | D:7      | Found the +5 scythe "Finisher" {speed, eviscerate}
  8153 | D:7      | Noticed a wraith
  8172 | D:7      | Killed a wraith
  8283 | D:6      | Slain by a skeletal warrior

Illustrated notes

Levels and vault maps discovered:
D:1:      nicolae_arrival_memento_mori, layout_basic,
          hellmonk_ecumenical_altar_lost_god
D:2:      minmay_alternating_diamond, layout_rooms, basic_altar, serial_shops,
          nicolae_shop_advertising_works [nicolae_subvault_shop_adworks],
          minmay_split_cup_small
D:3:      layout_loops_ring, lemuel_tele_altar, serial_shops,
          nicolae_shop_bloodbath_and_beyond, gammafunk_ghost_split, uniq_robin
D:4:      layout_basic, xom_confusion_cloud, minmay_misc_feat_secret_circle,
          kennysheep_generic_room_6
D:5:      layout_rooms, minmay_temple_entry_crystal_x
D:6:      gammafunk_cloud_chamber, layout_gridville, kennysheep_mini_moat,
          minmay_small_thing
D:7:      layout_basic, lemuel_crystal_altar, led_sif_book, old_standard_altar,
          minmay_guarded_unrand_finisher
Temple:   nicolae_temple_hex_pool

Skill      XL: |  1  2  3  4  5  6  7  8 |
---------------+-------------------------+-----
Earth Magic    | 4 5 6 |  6.8
Conjurations   | 1 2 3 4 |  4.8
Fighting       | 1 2 3 4 |  4.7
Armour         | 1 2 3 |  3.2
Spellcasting   | 3 4 |  4.7
Dodging        | 2 |  2.9
Stealth        | 3 4 |  4.2
Transmutations | |  0.7

Action                   |  1- 3 |  4- 6 |  7- 9 || total
-------------------------+-------+-------+-------++-------
Melee: Short sword       |    33 |    83 |       ||   116
       Punch             |       |     1 |     1 ||     2
       Staff             |       |     4 |    44 ||    48
 Cast: Sandblast         |    39 |    66 |    32 ||   137
       Stone Arrow       |       |    20 |    61 ||    81
  Use: Scroll            |       |     3 |    10 ||    13
       Potion            |       |     1 |     3 ||     4
 Stab: Sleeping          |     1 |     1 |     2 ||     4
Armor: Robe              |    13 |     1 |       ||    14
       Leather armour    |       |    68 |    51 ||   119
Dodge: Dodged            |    20 |    67 |    51 ||   138
